AoeStats
← le avispe

Glade

510818974Analyzed
1v1 RM · 1d ago on Oct 2, 2026· 24m 56s· 2 players
Game mode
Random Map
Map size
Tiny (2 player)
Population
200
Speed
Normal
Resources
Standard
Victory
Conquest
Starting age
Dark Age
Ending age
Imperial Age
RankedLock teamsTeams togetherTeam positionsShared explorationLock speedFull tech treeHidden civsTurbo modeCheats
Victory
Defeat
🇦🇷 Gurjaras · Argentina
1266
+16
🇦🇷 Lithuanians · Argentina
1260
-16
RVerde
6:37 Loom
6:47 Loom
9:28 Feudal Age
10:07 Double-Bit Axe
20:47 Castle Age
19:22 Bloodlines
21:12 Gold Mining
23:38 Fletching
23:12 Pikeman
24:38 Scale Mail Armor
le avispe
5:10 Loom
9:42 Feudal Age
10:21 Double-Bit Axe
11:46 Horse Collar
17:27 Castle Age
19:17 Bow Saw
20:52 Scale Barding Armor
22:08 Heavy Plow
23:15 Gold Mining
Connection lost

Rejoining the realm…

Still unreachable

The connection could not be restored.

Session expired

The server has moved on; the page needs a fresh start.